 Dungeon Crawl Stone Soup version 0.31-a0-202-g547052bce9 (webtiles) character file.

Game seed: 9999506774291321970

195 TittyCrusher the Chiller (level 5, -3/31 HPs)
             Began as an Octopode Ice Elementalist on June 26, 2023.
             Slain by an ogre
             ... wielding a +0 giant club
              (34 damage)
             ... on level 4 of the Dungeon.
             The game lasted 00:09:37 (3210 turns).

TittyCrusher the Chiller (OpIE)                     Turns: 3210, Time: 00:09:38

Health: -3/31      AC:  1    Str: 10    XL:     5   Next: 74%
Magic:  6/10       EV: 13    Int: 23    God:
Gold:   136        SH:  5    Dex: 12    Spells: 0/11 levels left

rFire   + . .        a - +2 dagger (venom)
rCold   + . .        (no shield)
rNeg    . . .        (helmet restricted)
rPois   .            w - amulet of reflection
rElec   .            g - ring of see invisible
rCorr   .            h - ring of protection from fire
SInv    +            j - ring of protection from cold
Will    .....        q - +6 ring of intelligence
Stlth   +++          (no ring)
HPRegen 0.25/turn    (no ring)
MPRegen 0.12/turn    (no ring)
                     (no ring)

%: reflection
@: freezing walls
A: almost no armour, amphibious, 8 rings, camouflage 1, gelatinous body 1,
(nimble swimmer 1), tentacles
a: no special abilities


You were on level 4 of the Dungeon.
You visited 1 branch of the dungeon, and saw 4 of its levels.

You collected 136 gold pieces.

Inventory:

Hand Weapons
 a - a +2 dagger of venom (weapon)
 b - a +0 sling
 f - a +0 club
 v - a +0 short sword
Missiles
 c - 30 stones (quivered)
 l - 5 poisoned darts
Jewellery
 g - a ring of see invisible (left tentacle)
 h - a ring of protection from fire (right tentacle)
 j - a ring of protection from cold (on tentacle)
 q - a +6 ring of intelligence (on tentacle)
 w - an amulet of reflection (around mantle)
Wands
 y - a wand of flame (19)
Scrolls
 d - 2 scrolls of enchant weapon {unknown}
 e - 2 scrolls of noise {unknown}
 i - a scroll of amnesia {unknown}
 m - 2 scrolls of fog {unknown}
 p - a scroll of vulnerability {unknown}
 r - a scroll of blinking {unknown}
 t - a scroll of teleportation {unknown}
 x - a scroll of identify {unknown}
Potions
 k - a potion of magic
 n - a potion of degeneration {unknown}
 o - a potion of heal wounds
 s - a potion of mutation {unknown}
 u - a potion of brilliance {unknown}


   Skills:
 - Level 2.1 Dodging
 - Level 3.0 Stealth
 - Level 3.8 Spellcasting
 + Level 0.7 Summonings
 - Level 5.3 Ice Magic


You couldn't memorise any spells.
You knew the following spells:

 Your Spells              Type           Power      Damage    Failure   Level
a - Freeze                Ice            100%       1d10      1%          1
b - Frozen Ramparts       Ice            58%        1d9       3%          3
c - Ozocubu's Armour      Ice            29%        N/A       3%          3
d - Summon Ice Beast      Ice/Summ       18%        N/A       30%         4

Your spell library contained the following spells:

 Spells                   Type           Power      Damage    Failure   Level
 Lesser Beckoning         Tloc           8%         N/A       16%         2
 Gell's Gravitas          Tloc           4%         N/A       32%         3
 Teleport Other           Tloc           4%         N/A       32%         3
 Ice Form                 Ice/Tmut       16%        N/A       34%         4


Dungeon Overview and Level Annotations

Branches:
Dungeon (4/15)
 Temple: D:4-7

Altars:

Annotations:
D:3 exclusion: downstairs
D:4 Eustachio


Innate Abilities, Weirdness & Mutations

You cannot wear most types of armour.
You are amphibious.
You can wear up to eight rings at the same time.
Your skin changes colour to match your surroundings (Stealth+).
Your rubbery body absorbs attacks. (AC +1, EV +1)
((You are camouflaged when in or above water. (Stealth+)))
You have tentacles for arms and can constrict up to eight enemies at once.


Message History

y - a wand of flame (23)
Aiming: Throw Flame
Press: ? - help, Shift-Dir - straight line, f - ogre
Aim: an ogre, wielding a +0 giant club (wandering, hasn't noticed you, 85% to hit)
The puff of flame misses the ogre.
The ogre shouts!
Unknown command.
Unknown command.
Casting: Frozen Ramparts (dangerous; 3% risk of failure)
Confirm with . or Enter, or press ? or * to list all spells.
Casting: Frozen Ramparts (dangerous; 3% risk of failure)
Press: ? - help, Dir - look around, f - activate The walls around you are covered in ice.
Aiming: Throw Flame
Press: ? - help, Shift-Dir - straight line, f - ogre
Aim: an ogre, wielding a +0 giant club (85% to hit)
The puff of flame hits the ogre.
The ogre is lightly wounded.
Aiming: Throw Flame
Press: ? - help, Shift-Dir - straight line, f/p - ogre
Aim: an ogre, wielding a +0 giant club (85% to hit)
The puff of flame hits the ogre.
The ogre is moderately wounded.
Aiming: Throw Flame
Press: ? - help, Shift-Dir - straight line, f/p - ogre
Aim: an ogre, wielding a +0 giant club (moderately wounded, 85% to hit)
The puff of flame misses the ogre.
The wall freezes the ogre.
Unknown command.
Unknown command.
Casting: Frozen Ramparts (dangerous; 3% risk of failure)
Confirm with . or Enter, or press ? or * to list all spells.
Aiming: Freeze (safe; 1% risk of failure)
Press: ? - help, Shift-Dir - straight line, f/p - ogre
Aim: an ogre, wielding a +0 giant club (moderately wounded)
You freeze the ogre.
The ogre is moderately wounded.
The wall freezes the ogre!
The ogre hits you with a +0 giant club!!
Ouch! That really hurt!
You die...

###.........@..#
.
#.........@.....
#................
#.............#
#...##..# .
##.##..## ...
###...#...#.....
#.....O........#
#....@..##.##.##
#......##....
####...........
##<.......####.
#........##
##......##
##.....# #....##
#....#


You could see Eustachio and an ogre.

Vanquished Creatures
  An orc wizard (D:3)
  2 gnolls (D:2)
  4 adders (D:3)
  A white imp (D:3)
  2 worms (D:2)
  4 dart slugs
  4 orcs (D:3)
  8 ball pythons
  6 endoplasms
  4 giant cockroaches
  6 goblins
  6 hobgoblins
  9 jackals (D:2)
  5 kobolds
  5 quokkas
  4 bats
  12 frilled lizards
  9 rats
92 creatures vanquished.

Notes
Turn   | Place    | Note
-------+----------+-------------------------------------------
     0 | D:1      | TittyCrusher the Octopode Ice Elementalist began the quest
                  | for the Orb.
     0 | D:1      | Reached XP level 1. HP: 11/11 MP: 3/3
   132 | D:1      | Reached XP level 2. HP: 10/17 MP: 1/5
   473 | D:1      | Reached XP level 3. HP: 21/21 MP: 6/6
   477 | D:1      | Learned a level 3 spell: Frozen Ramparts
  1034 | D:2      | Reached skill level 5 in Ice Magic
  1081 | D:2      | Found a faded altar of an unknown god.
  1340 | D:2      | Reached XP level 4. HP: 27/27 MP: 5/7
  1357 | D:2      | Learned a level 3 spell: Ozocubu's Armour
  2172 | D:3      | Reached XP level 5. HP: 31/31 MP: 3/9
  2648 | D:3      | Learned a level 4 spell: Summon Ice Beast
  3150 | D:4      | Noticed Eustachio
  3150 | D:4      | Noticed an ogre
  3210 | D:4      | Slain by an ogre

Illustrated notes

Levels and vault maps discovered:
D:1:      minmay_arrival_plants_in_alcoves, layout_basic
D:2:      wad_woods_tower, layout_basic, shapermc_ecumenical_altar_ellora,
          minmay_heptomino_w4
D:3:      layout_basic
D:4:      layout_cave_pools, nicolae_titane, uniq_eustachio

Skill      XL: |  1  2  3  4 |
---------------+-------------+-----
Stealth        | 3 |  3.0
Ice Magic      | 5 |  5.3
Spellcasting   | 3 |  3.8
Dodging        | |  2.1
Summonings     | |  0.7

Action                     |  1- 3 |  4- 6 || total
---------------------------+-------+-------++-------
  Melee: Unarmed           |     6 |       ||     6
         Constrict         |     5 |     7 ||    12
         Punch             |     1 |       ||     1
         Short sword       |    18 |    12 ||    30
         Tentacles         |     6 |     3 ||     9
         Dagger            |       |    17 ||    17
   Fire: Sling             |    40 |    38 ||    78
  Throw: Stone             |     1 |       ||     1
   Cast: Freeze            |    45 |    24 ||    69
         Frozen Ramparts   |       |     8 ||     8
  Evoke: Wand              |       |     4 ||     4
    Use: Potion            |     1 |       ||     1
   Stab: Sleeping          |     3 |     5 ||     8
 Armour: Skin              |     2 |     5 ||     7
  Dodge: Dodged            |    23 |    31 ||    54
  Block: Other             |       |     1 ||     1

Table legend: (Time is in decaauts)
 A = Elapsed time spent in this place.
 B = Non-inter-level travel time spent in this place.
 C = Inter-level travel time spent in this place.
 D = Time resting spent in this place.
 E = Time spent auto-exploring this place.
 F = Levels seen in this place.
 G = Mean time per level.
                   A        B        C        D        E       F      G
               +--------+--------+--------+--------+--------+-----+--------+
         Total |   3226 |   3122 |    104 |    201 |   2126 |   4 |  806.5 |
       Dungeon |   3226 |   3122 |    104 |    201 |   2126 |   4 |  806.5 |
               +--------+--------+--------+--------+--------+-----+--------+

Top non-repeatable levels by time:
     D:2: 1195 daAuts
     D:3: 1140 daAuts
     D:1: 862 daAuts
     D:4: 28 daAuts
